 Dungeon Crawl Stone Soup version 0.24.1 (webtiles) character file.

Game seed: 15877927565783491252, levelgen mode: deterministic

4888 Curus the Spear-Bearer (level 10, -6/90 HPs)
             Began as a Minotaur Fighter on Mar 29, 2020.
             Was a Believer of Okawaru.
             Shot with an arrow by a centaur (13 damage)
             ... on level 9 of the Dungeon.
             The game lasted 00:36:45 (7633 turns).

Curus the Spear-Bearer (Minotaur Fighter)           Turns: 7633, Time: 00:36:46

Health: -6/90      AC: 16    Str: 21    XL:     10   Next: 26%
Magic:  9/9        EV:  4    Int:  7    God:    Okawaru [**....]
Gold:   330        SH: 10    Dex: 11    Spells: 9/9 levels left

rFire    . . .     SeeInvis .   v - +0 trident (pierce)
rCold    . . .     Gourm    .   c - +1 shield
rNeg     . . .     Faith    .   r - +0 plate armour
rPois    .         Spirit   .   (helmet restricted)
rElec    .         Reflect  .   (no cloak)
rCorr    .         Harm     .   s - +0 pair of gloves
MR       .....                  w - +0 pair of boots
Stlth    ..........             (no amulet)
HPRegen  0.25/turn              g - ring of flight
MPRegen  0.11/turn              (no ring)

@: about to teleport, barbed spikes, berserk cooldown, slowed, very slow
A: retaliatory headbutt, horns 2
a: Heroism, Renounce Religion, Evoke Flight


You were on level 9 of the Dungeon.
You worshipped Okawaru.
Okawaru was pleased with you.
You were hungry.

You visited 1 branch of the dungeon, and saw 9 of its levels.
You also visited: Sewer.

You collected 330 gold pieces.

Inventory:

Hand Weapons
 a - a +0 trident
 v - a +0 trident of piercing (weapon)
Armour
 b - a +0 scale mail
 c - a +1 shield (worn)
 l - a +0 chain mail
 r - a +0 plate armour (worn)
 s - a +0 pair of gloves (worn)
 w - a +0 pair of boots (worn)
Jewellery
 g - a ring of flight (left hand)
 p - an uncursed amulet of inaccuracy
Wands
 q - a wand of disintegration (14)
 x - a wand of polymorph (7)
Scrolls
 d - 2 scrolls of fog
 e - 2 scrolls of amnesia
 i - 4 scrolls of teleportation
 j - a scroll of identify
 k - 3 scrolls of remove curse
 n - a scroll of magic mapping
 t - a scroll of blinking
 y - a scroll of fear
Potions
 h - 2 potions of curing
 m - a potion of cancellation
 o - 3 potions of flight
Comestibles
 f - 15 rations


   Skills:
 + Level 8.6 Fighting
 - Level 14.0 Polearms
 + Level 8.6 Armour
 - Level 3.6 Shields


You had 9 spell levels left.
You didn't know any spells.
Your spell library contained the following spells:

 Spells                   Type           Power        Failure   Level  Hunger
 Magic Dart               Conj           #...         100%        1    ##.....
 Blink                    Tloc           N/A          100%        2    ###....
 Call Imp                 Summ           #.......     100%        2    ###....
 Slow                     Hex            #.......     100%        2    ###....
 Conjure Flame            Conj/Fire      #.......     100%        3    ####...
 Ignite Poison            Fire/Tmut/Pois #.......     100%        3    ####...
 Mephitic Cloud           Conj/Pois/Air  #.......     100%        3    ####...
 Fireball                 Conj/Fire      #.........   100%        5    ######.
 Bolt of Fire             Conj/Fire      #.........   100%        6    #######
 Ring of Flames           Chrm/Fire      #.........   100%        7    #######
 Ignition                 Fire           #.........   100%        8    #######


Dungeon Overview and Level Annotations

Branches:
Dungeon (9/15)             Temple (0/1) D:6           Sewer (visited)
   Lair: D:8-11         Orc: D:9-12

Altars:
Cheibriados
Fedhas
Gozag
Hepliaklqana
Nemelex Xobeh
Okawaru
Sif Muna
Uskayaw
Xom
Zin
The Shining One

Shops:
D:8 :


Innate Abilities, Weirdness & Mutations

You reflexively headbutt those who attack you in melee.
You have a pair of horns on your head.


Message History

As you read the scroll of teleportation, it crumbles to dust.
You feel strangely unstable. The orc hits you but does no damage.
The scorpion stings you but does no damage.
The manticore flicks its tail.
The volley of spikes hits you!
The barbed spikes become lodged in your body.
* * * LOW HITPOINT WARNING * * *
You hit the scorpion but do no damage. You headbutt the scorpion.
The scorpion is moderately wounded.
The centaur shoots an arrow.
The arrow hits you but does no damage. You block the orc's attack.
The scorpion stings you but does no damage.
The centaur shoots an arrow.
The arrow closely misses you.
You closely miss the scorpion.
You headbutt the scorpion, but do no damage.
The scorpion is lightly wounded.
The orc hits you but does no damage.
The scorpion stings you but does no damage.
The centaur shoots an arrow.
The arrow hits you!
You die...

........###.....#....
.......#####....(...
.......#####........
###....#####........
####....###†........
####.......)))......
####....c)..........
###.....s(..........
.......@o.....###...
.............#####..
.............#####..
......%......#####..
......H.......###..
###.(.............
####.............
####...........


You could see a manticore, a centaur, a scorpion and an orc.

Vanquished Creatures
  A two-headed ogre (D:8)
  Pikel (D:6)
  A spriggan (D:7)
  A wyvern (D:8)
  Menkaure (D:6)
  An orc warrior (D:6)
  A water moccasin (D:7)
  3 ice beasts
  A sky beast (D:5)
  Purgy (Sewer)
  A black bear (D:6)
  2 slaves (D:6)
  3 ogres
  3 phantoms
  2 bullfrogs
  A gnoll sergeant (D:8)
  A wyvern zombie (D:9)
  A wyvern skeleton (D:9)
  2 scorpions
  4 killer bees (D:7)
  3 howler monkeys
  3 wights (D:8)
  3 crimson imps
  12 orc wizards
  2 bullfrog skeletons
  A centaur skeleton (D:7)
  3 orc priests (D:8)
  6 hounds
  2 jellies (D:4)
  6 worker ants
  A hound zombie (D:9)
  5 gnolls (D:8)
  8 adders
  A river rat (D:3)
  A shadow imp (D:8)
  An ooze (D:7)
  An adder zombie (D:7)
  2 adder skeletons (D:4)
  2 worms
  5 dart slugs
  6 leopard geckos
  25 orcs
  3 ball pythons
  7 giant cockroaches
  4 hobgoblins
  4 iguanas
  4 jackals (D:7)
  6 kobolds
  4 quokkas
  8 bats
  8 frilled lizards
  6 goblins
  A jackal skeleton (D:5)
  2 quokka skeletons (D:4)
  9 rats
197 creatures vanquished.

Vanquished Creatures (others)
  An adder zombie (D:6)
1 creature vanquished.

Grand Total: 198 creatures vanquished

Notes
Turn   | Place    | Note
-------+----------+-------------------------------------------
     0 | D:1      | Curus the Minotaur Fighter began the quest for the Orb.
     0 | D:1      | Reached XP level 1. HP: 19/19 MP: 0/0
   212 | D:1      | Reached skill level 3 in Polearms
   240 | D:1      | Reached XP level 2. HP: 26/26 MP: 1/1
   446 | D:1      | Reached skill level 4 in Polearms
   761 | D:2      | Reached XP level 3. HP: 28/31 MP: 2/2
   967 | D:2      | Reached skill level 5 in Polearms
   992 | D:2      | Reached XP level 4. HP: 26/39 MP: 3/3
  1057 | D:2      | Found a hazy altar of Hepliaklqana.
  1058 | D:2      | Found a hide-covered altar of Uskayaw.
  1058 | D:2      | Found a blossoming altar of Fedhas.
  1059 | D:2      | Found a shimmering blue altar of Sif Muna.
  1059 | D:2      | Found a glowing golden altar of the Shining One.
  1060 | D:2      | Found a shimmering altar of Xom.
  1061 | D:2      | Found a snail-covered altar of Cheibriados.
  1416 | D:3      | Reached skill level 6 in Polearms
  1760 | D:3      | Reached XP level 5. HP: 38/45 MP: 4/4
  1785 | D:3      | Found a glowing drain.
  1794 | Sewer    | Entered a sewer
  1877 | Sewer    | Noticed Purgy
  1892 | Sewer    | Killed Purgy
  1892 | Sewer    | Reached skill level 7 in Polearms
  2051 | D:4      | Reached XP level 6. HP: 39/51 MP: 5/5
  2057 | D:4      | Reached skill level 8 in Polearms
  2455 | D:4      | Found a shimmering altar of Xom.
  2577 | D:4      | Reached skill level 9 in Polearms
  2623 | D:4      | Reached XP level 7. HP: 39/57 MP: 6/6
  3008 | D:5      | Entered Level 5 of the Dungeon
  3013 | D:5      | Reached skill level 10 in Polearms
  3324 | D:5      | Found an opulent altar of Gozag.
  3334 | D:5      | Reached skill level 11 in Polearms
  3430 | D:5      | Reached XP level 8. HP: 49/64 MP: 7/7
  3922 | D:6      | Noticed Menkaure
  3928 | D:6      | Killed Menkaure
  3957 | D:6      | Reached skill level 12 in Polearms
  4410 | D:6      | Noticed Pikel
  4467 | D:6      | Killed Pikel
  4467 | D:6      | Reached skill level 13 in Polearms
  4671 | D:6      | Found a sparkling altar of Nemelex Xobeh.
  4688 | D:6      | Reached XP level 9. HP: 31/70 MP: 8/8
  5031 | D:6      | Found a staircase to the Ecumenical Temple.
  5493 | D:7      | Reached skill level 14 in Polearms
  5648 | D:7      | Found an iron altar of Okawaru.
  5653 | D:7      | Became a worshipper of Warmaster Okawaru
  5843 | D:7      | Reached skill level 5 in Armour
  5847 | D:7      | Reached skill level 5 in Fighting
  6907 | D:8      | Reached * piety under Okawaru
  6975 | D:8      | Found a glowing silver altar of Zin.
  7074 | D:8      | Noticed a two-headed ogre
  7087 | D:8      | Killed a two-headed ogre
  7087 | D:8      | Reached ** piety under Okawaru
  7087 | D:8      | Reached XP level 10. HP: 35/88 MP: 9/9
  7309 | D:8      | Found Teecsuec's Book Shop.
  7630 | D:9      | Noticed a manticore
  7633 | D:9      | Shot with an arrow by a centaur

Levels and vault maps discovered:
D:1:      dpeg_arrival_snail, layout_basic
D:2:      layout_rooms, minitemple, first_ration
D:3:      layout_loops_ring, portal_sewer_entry_b
D:4:      layout_cave_pods, dk_xom_monty_hall
D:5:      layout_loops_cross, grunt_gozag_statues
D:6:      layout_basic, temple_doors_cd, basic_altar,
          chequers_serial_rivers_large_a, minmay_misc_feat_tower, uniq_menkaure,
          uniq_duvessa, uniq_pikel
D:7:      layout_basic, lemuel_doored_altar, the_bakery, minmay_misc_feat_room
D:8:      layout_basic, nicolae_overflow_hidden_temple, serial_shops,
          kennysheep_mini
D:9:      layout_big_octagon, lightli_temple_of_fire, serial_shops, shop,
          minmay_ruined_shrine

Skill      XL: |  1  2  3  4  5  6  7  8  9 10 |
---------------+-------------------------------+-----
Polearms       | 3 4 5 6 7 9 11 13 14 | 14.0
Fighting       | 7 8 |  8.6
Armour         | 7 8 |  8.6
Shields        | |  3.6

Action                   |  1- 3 |  4- 6 |  7- 9 | 10-12 || total
-------------------------+-------+-------+-------+-------++-------
Melee: Trident           |    89 |   233 |   509 |    87 ||   918
       Headbutt          |    10 |    29 |    83 |    14 ||   136
  Use: Scroll            |     6 |     4 |     4 |     1 ||    15
       Potion            |     4 |     2 |     4 |     1 ||    11
  Eat: Chunk             |       |     6 |     8 |     1 ||    15
       Ration            |       |       |     2 |       ||     2
Armor: Scale mail        |    24 |     1 |       |       ||    25
       Chain mail        |       |    94 |    23 |       ||   117
       Plate armour      |       |       |   152 |    47 ||   199
Dodge: Dodged            |    20 |    24 |    72 |    18 ||   134
Block: Shield            |    35 |   102 |   180 |    41 ||   358
